 Dungeon Crawl Stone Soup version 0.22.0 (webtiles) character file.

468 jjfam the Shield-Bearer (level 6, -3/57 HPs)
             Began as a Deep Dwarf Fighter on Aug 11, 2018.
             Slain by an orc warrior
             ... wielding a +0 war axe
              (13 damage)
             ... on level 5 of the Dungeon.
             The game lasted 00:09:38 (3208 turns).

jjfam the Shield-Bearer (Deep Dwarf Fighter)        Turns: 3208, Time: 00:09:38

Health: -3/57      AC:  7    Str: 21    XL:     6   Next: 81%
Magic:  4/4        EV:  8    Int:  9    God:
Gold:   247        SH:  9    Dex:  9    Spells: 5/5 levels left

rFire    + . .     SeeInvis .   x - +0 falchion (holy)
rCold    . . .     Gourm    .   c - +0 shield
rNeg     . . .     Faith    .   b - +0 scale mail
rPois    .         Spirit   .   (no helmet)
rElec    .         Reflect  .   (no cloak)
rCorr    .         Harm     .   (no gloves)
MR       .....                  (no boots)
Stlth    ..........             (no amulet)
HPRegen  0.00/turn              k - -3 ring of dexterity (curse)
MPRegen  0.09/turn              q - ring of protection from fire

@: non-regenerating
A: damage resistance, heal wounds, sense surroundings 1, no regeneration
a: Heal Wounds


You were on level 5 of the Dungeon.
You were not hungry.

You visited 1 branch of the dungeon, and saw 5 of its levels.

You collected 247 gold pieces.

Inventory:

Hand Weapons
 x - a +0 falchion of holy wrath (weapon)
Armour
 b - a +0 scale mail (worn)
 c - a +0 shield (worn)
Jewellery
 k - a cursed -3 ring of dexterity (left hand)
 n - a +5 ring of protection
 q - a ring of protection from fire (right hand)
 r - an uncursed ring of positive energy
Scrolls
 e - 2 scrolls of identify
 j - 2 scrolls of amnesia {unknown}
 p - 5 scrolls of remove curse {unknown}
 s - a scroll of fog {unknown}
 u - 2 scrolls of fear {unknown}
 w - a scroll of teleportation {unknown}
Potions
 d - a potion of might
 h - a potion of curing {unknown}
 i - a potion of agility {unknown}
 l - 2 potions of resistance {unknown}
 m - a potion of flight {unknown}
 o - a potion of mutation {unknown}
 t - a potion of lignification {unknown}
Comestibles
 f - 2 rations


   Skills:
 + Level 3.8 Fighting
 + Level 0.3 Long Blades
   Level 4.9 Axes
 + Level 4.4 Armour
 + Level 2.1 Dodging
 + Level 0.2 Stealth
 + Level 5.1 Shields


You had 5 spell levels left.
You didn't know any spells.
Your spell library contained the following spells:

 Spells                   Type           Power        Failure   Level  Hunger
 Confuse                  Hex            #.......     100%        3    ####...
 Confusing Touch          Hex            #.....       98%         1    ##.....
 Metabolic Englaciation   Hex/Ice        #.........   100%        5    ######.
 Petrify                  Tmut/Erth      #.......     100%        4    #####..
 Gell's Gravitas          Tloc           #.........   100%        3    ####...
 Yara's Violent Unravell  Hex/Tmut       #.........   100%        5    ######.


Dungeon Overview and Level Annotations

Branches:
Dungeon (5/15)
 Temple: D:4-7

Altars:
Kikubaaqudgha
The Shining One


Innate Abilities, Weirdness & Mutations

You are resistant to damage.
You can heal yourself by infusing magical energy.
You passively map a small area around you.
You do not regenerate.


Message History

The orc warrior hits you with a war axe!
The orc hits you but does no damage.
Unknown command.
You are too injured to fight recklessly!
Unknown command.
You are too injured to fight recklessly!
You are too injured to fight recklessly!
You block the orc warrior's attack.
Things that are here:
an enchanted hand axe; an orc corpse You barely miss the orc warrior.
The orc warrior is lightly wounded.
The orc barely misses you.
The orc warrior hits you with a war axe!
* * * LOW HITPOINT WARNING * * *
The orc hits you but does no damage.
You barely miss the orc warrior.
The orc warrior is lightly wounded.
The orc warrior hits you with a war axe!
You die...

*,,,,,*,,,,,,#........#,,,,,*,,
*******,,**+*#....#+###,,,,,*,,
*,,,**,,#....#,,,+,,,,,*,,
*,,,,*,,#....#,,********,,
*,,,,*,,#....+,,*,,,,,,,,,
*****#######+#....##+#.>,,,,,,,
*,,,,..................,,,,,,,,
*,,,,..................,,,,,,,,
*,,,,.........@o.....W.,,,,,,**
*,,,,.........o.$......,,,,,,*,
*,,,,.#####....#######.,,,,,,*,
*,,,,,*,,,#....#,,,,,*,,,,,,,**
*,,,,,,,,,+....',,,,,*,,,,,,,,,
*,,,,,,,>,#....#.,,,,*,,,,,,,,,
******,***#....#..,,,********,,
*,,,,..$..#,..,,,,,,,,,*,,
*,,,,,,,,,*,,,,,,,,,,,,***


You could see a phantom, an orc warrior and an orc.

Vanquished Creatures
  A crimson imp (D:5)
  A hound (D:4)
  A centaur skeleton (D:4)
  An orc priest (D:4)
  Jessica (D:2)
  4 orc wizards (D:4)
  2 worker ants (D:4)
  A howler monkey skeleton (D:4)
  2 adders
  A shadow imp (D:5)
  3 worms
  3 dart slugs
  5 leopard geckos
  22 orcs
  3 giant cockroaches (D:1)
  5 goblins
  7 hobgoblins
  11 jackals
  5 kobolds
  2 quokkas
  6 bats
  3 frilled lizards
  A jackal skeleton (D:4)
  5 rats
96 creatures vanquished.

Notes
Turn   | Place    | Note
-------+----------+-------------------------------------------
     0 | D:1      | jjfam the Deep Dwarf Fighter began the quest for the Orb.
     0 | D:1      | Reached XP level 1. HP: 20/20 MP: 1/1
   134 | D:1      | Reached XP level 2. HP: 27/27 MP: 2/2
   388 | D:1      | Reached XP level 3. HP: 34/34 MP: 3/3
   830 | D:2      | Noticed Jessica
   850 | D:2      | Killed Jessica
   892 | D:2      | Reached XP level 4. HP: 42/42 MP: 4/4
   986 | D:2      | Found an ancient bone altar of Kikubaaqudgha.
  1914 | D:3      | Reached skill level 4 in Shields
  2242 | D:4      | Reached XP level 5. HP: 24/49 MP: 5/5
  2331 | D:4      | Reached skill level 1 in Dodging
  2549 | D:4      | Reached XP level 6. HP: 48/56 MP: 5/5
  2578 | D:4      | Found a glowing golden altar of the Shining One.
  3078 | D:5      | Entered Level 5 of the Dungeon
  3085 | D:5      | Reached skill level 5 in Shields
  3167 | D:5      | Noticed an orc warrior
  3208 | D:5      | Slain by an orc warrior

Skill      XL: |  1  2  3  4  5  6 |
---------------+-------------------+-----
Fighting       | 3 |  3.8
Axes           | 3 4 |  4.9
Shields        | 4 5 |  5.1
Dodging        | 1 2 |  2.1
Armour         | 4 |  4.4
Long Blades    | |  0.3
Stealth        | |  0.2

Action                   |  1- 3 |  4- 6 || total
-------------------------+-------+-------++-------
Melee: War axe           |   107 |   232 ||   339
       Falchion          |       |    56 ||    56
 Abil: Heal Wounds       |     2 |     8 ||    10
  Use: Scroll            |       |     2 ||     2
  Eat: Chunk             |       |     8 ||     8
Armor: Scale mail        |    44 |   145 ||   189
Dodge: Dodged            |    42 |   102 ||   144
Block: Shield            |    69 |   174 ||   243
       Rpst.: Falchion   |       |     8 ||     8
